 Dungeon Crawl Stone Soup version 0.28-a0-1038-g9c4cb8273d (webtiles) character file.

Game seed: 14906769021961557061

4960 ders the Geomancer (level 10, -8/50 HPs)
             Began as a Gargoyle Earth Elementalist on Dec 8, 2021.
             Was a Follower of Vehumet.
             Killed from afar by a molten gargoyle (14 damage)
             ... with a bolt of magma
             ... on level 10 of the Dungeon.
             The game lasted 00:11:40 (11033 turns).

ders the Geomancer (Gargoyle Earth Elementalist)   Turns: 11033, Time: 00:11:41

Health: -8/50      AC: 12    Str: 12    XL:     10   Next: 53%
Magic:  19/22      EV: 11    Int: 20    God:    Vehumet [*.....]
Gold:   293        SH:  4    Dex: 10    Spells: 17/25 levels left

rFire   . . .      SeeInvis +   u - +1 demon whip
rCold   . . .      Faith    .   k - +0 buckler
rNeg    + . .      Spirit   .   b - +0 robe
rPois   ∞          Reflect  .   D - +0 helmet
rElec   +          Harm     .   B - +1 cloak
rCorr   .          Rampage  .   (no gloves)
Will    .....                   (no boots)
Stlth   ++........              (no amulet)
HPRegen 0.16/turn               y - +4 ring of slaying
MPRegen 0.18/turn               E - ring of see invisible

@: no status effects
A: sickness immunity, AC +7, negative energy resistance 1, electricity
resistance, torment resistance 1, petrification resistance
a: Renounce Religion


You were on level 10 of the Dungeon.
You worshipped Vehumet.
Vehumet was aware of your devotion.
You visited 3 branches of the dungeon, and saw 12 of its levels.

You collected 403 gold pieces.
You spent 110 gold pieces at shops.

Inventory:

Hand Weapons
 c - a +2 quarterstaff of chaos
 u - a +1 demon whip (weapon)
Missiles
 g - 2 throwing nets
 s - 194 stones
Armour
 b - a +0 robe (worn)
 k - a +0 buckler (worn)
 B - a +1 cloak (worn)
 D - a +0 helmet (worn)
Jewellery
 y - a +4 ring of slaying (left hand)
 E - a ring of see invisible (right hand)
Wands
 x - a wand of flame (15)
 z - a wand of paralysis (5)
 C - a wand of digging (5)
Scrolls
 j - 3 scrolls of noise
 l - a scroll of blinking {unknown}
 o - a scroll of immolation {unknown}
 p - 2 scrolls of magic mapping
 r - a scroll of identify
 t - a scroll of silence {unknown}
 v - a scroll of amnesia {unknown}
 w - 3 scrolls of teleportation
Potions
 a - a potion of mutation
 d - a potion of invisibility
 e - 2 potions of lignification
 f - 5 potions of flight
 h - 4 potions of heal wounds {unknown}
 i - a potion of brilliance {unknown}
 m - 2 potions of degeneration {unknown}
 n - 3 potions of haste {unknown}
 q - 5 potions of curing
Miscellaneous
 A - a piece from Xom's chessboard (15/15)
 F - a phial of floods


   Skills:
 - Level 1.5 Dodging
 - Level 2.1 Stealth
 + Level 3.1 Shields
 + Level 8.1 Spellcasting
 + Level 9.3 Conjurations
 - Level 0.7 Transmutations
 + Level 10.9 Earth Magic


You had 17 spell levels left.
You knew the following spells:

 Your Spells              Type           Power      Damage    Failure   Level
a - Sandblast             Erth           100%       2d20      1%          1
b - Stone Arrow           Conj/Erth      96%        3d13      1%          3
c - Petrify               Tmut/Erth      31%        N/A       9%          4

Your spell library contained the following spells:

 Spells                   Type           Power      Damage    Failure   Level
 Freeze                   Ice            32%        1d5       10%         1
 Passwall                 Tmut/Erth      25%        N/A       1%          2
 Ensorcelled Hibernation  Hex/Ice        16%        N/A       14%         2
 Tukima's Dance           Hex            8%         N/A       28%         3
 Lightning Bolt           Conj/Air       13%        1d26      36%         5
 Airstrike                Air            4%         N/A       67%         4
 Summon Lightning Spire   Summ/Air       8%         N/A       67%         4


Dungeon Overview and Level Annotations

Branches:
Dungeon (10/15)            Temple (1/1) D:5            Lair (1/6) D:9
    Orc: D:9-12

Altars:
Ashenzari
Cheibriados
Dithmenos
Elyvilon
Fedhas
Gozag
Hepliaklqana
Kikubaaqudgha
Makhleb
Nemelex Xobeh
Okawaru
Qazlal
Ru
Sif Muna
Trog
Uskayaw
Vehumet
Wu Jian
Xom
Yredelemnul
Zin
The Shining One

Shops:
D:4 *


Innate Abilities, Weirdness & Mutations

You are immune to sickness and miasma.
Your stone body is resilient. (AC +7)
You are immune to poison.
You resist negative energy. (rN+)
You are resistant to electric shocks. (rElec)
You are resistant to unholy torment.
You are immune to petrification.


Message History

Vehumet accepts your kill.
Unknown command.
Magic restored.
Done exploring.
Done exploring.
Done exploring.
There is an open door here.
There is an open door here.
There is a staircase to the Lair here.
You climb downwards.
Welcome to the Lair of Beasts!
Found a stone staircase leading down.
There is a staircase back to the Dungeon here.
You climb upwards.
Welcome back to the Dungeon!
There is a staircase to the Lair here.
You see here 20 arrows.
There is an open door here.
There is a stone staircase leading down here.
You climb downwards.
Found four items.
There is a stone staircase leading up here.
There are monsters nearby!
Casting: Stone Arrow (safe; 1% risk of failure)
Confirm with . or Enter, or press ? or * to list all spells.
Aiming: Stone Arrow (safe; 1% risk of failure)
Press: ? - help, Shift-Dir - straight line, f - molten gargoyle
Aim: a molten gargoyle, wielding a +0 flail (85% to hit)
The stone arrow hits the molten gargoyle!
The molten gargoyle is moderately damaged.
The lava snake hisses angrily.
The molten gargoyle blasts magma at you!
The bolt of magma hits you!!
Unknown command.
The molten gargoyle blasts magma at you!
The bolt of magma hits you!!
Ouch! That really hurt!
* * * LOW HITPOINT WARNING * * *
There is a stone staircase leading up here.
The molten gargoyle blasts magma at you!
The bolt of magma hits you!
You die...

#####+########.
#..............
#..............
#..9........$..
#.#........)..
#.#.......#
#...@...?##
≈≈..#..........
≈ #...##.:.$..
§≈9#### ......
8≈≈. ..... §§≈
..##+ ≈§ .# §
.#


You could see 2 molten gargoyles.

Vanquished Creatures
  A hornet (D:9)
  4 yaks (D:9)
  A vampire mosquito (D:9)
  5 water moccasins
  3 orc warriors
  4 black bears
  2 hornet zombies
  An ice beast (D:4)
  3 ogres (D:5)
  2 sky beasts (D:8)
  A centaur (D:5)
  A necrophage (D:6)
  2 phantoms
  4 bullfrogs
  A gnoll sergeant (D:6)
  A water moccasin zombie (D:6)
  4 scorpions
  4 wights (D:8)
  2 howler monkeys (D:4)
  3 bullfrog zombies
  3 centaur zombies
  2 hounds (D:4)
  3 orc priests
  A gnoll shaman (D:5)
  Crazy Yiuf (D:2)
  2 centaur skeletons (D:4)
  4 iguanas
  An orc wizard (D:8)
  Natasha (thrice) (D:4)
  8 gnolls
  A howler monkey skeleton (D:5)
  11 adders
  A white imp (D:7)
  An adder zombie (D:5)
  4 dart slugs
  18 orcs
  9 endoplasms
  2 giant cockroaches
  12 hobgoblins
  6 jackals
  9 kobolds
  4 quokkas
  9 ball pythons
  5 bats
  3 frilled lizards
  7 goblins
  6 rats
185 creatures vanquished.

Vanquished Creatures (collateral kills)
  A scorpion (D:5)
  A howler monkey (D:5)
2 creatures vanquished.

Vanquished Creatures (others)
  32 fungi (D:9)
  25 plants
57 creatures vanquished.

Grand Total: 244 creatures vanquished

Notes
Turn   | Place    | Note
-------+----------+-------------------------------------------
     0 | D:1      | ders the Gargoyle Earth Elementalist began the quest for
                  | the Orb.
     0 | D:1      | Reached XP level 1. HP: 10/10 MP: 3/3
   201 | D:1      | Reached XP level 2. HP: 15/15 MP: 3/5
   314 | D:1      | Reached skill level 1 in Conjurations
   330 | D:1      | Reached skill level 4 in Earth Magic
   580 | D:1      | Found a faded altar of an unknown god.
   672 | D:1      | Reached XP level 3. HP: 19/19 MP: 4/6
  1103 | D:2      | Noticed Natasha
  1469 | D:2      | Found an ornate altar of the Wu Jian Council.
  1512 | D:2      | Reached XP level 4. HP: 24/24 MP: 4/8
  2097 | D:2      | Found a runed translucent door.
  2098 | D:2      | Noticed Crazy Yiuf
  2105 | D:2      | Learned a level 3 spell: Stone Arrow
  2126 | D:2      | Killed Crazy Yiuf
  2834 | D:3      | Noticed a black bear
  2839 | D:3      | Killed a black bear
  2840 | D:3      | Reached skill level 5 in Earth Magic
  2840 | D:3      | Reached XP level 5. HP: 24/28 MP: 1/10
  3264 | D:3      | Reached XP level 6. HP: 32/32 MP: 6/11
  3574 | D:4      | Found Ziul's Lightly-Used Armoury.
  3585 | D:4      | Bought a -1 demon whip for 110 gold pieces
  3678 | D:4      | Killed Natasha
  3995 | D:4      | Noticed Natasha
  3999 | D:4      | Killed Natasha
  4017 | D:4      | Noticed Natasha
  4021 | D:4      | Killed Natasha
  4022 | D:4      | Reached skill level 6 in Earth Magic
  4185 | D:4      | Reached XP level 7. HP: 26/36 MP: 13/13
  5094 | D:4      | Reached skill level 5 in Conjurations
  5386 | D:5      | Entered Level 5 of the Dungeon
  5399 | D:5      | Reached skill level 7 in Earth Magic
  5503 | D:5      | Reached skill level 5 in Spellcasting
  5503 | D:5      | Reached XP level 8. HP: 35/41 MP: 1/15
  5886 | D:5      | Found a staircase to the Ecumenical Temple.
  6008 | Temple   | Entered the Ecumenical Temple
  6229 | Temple   | Became a worshipper of Vehumet
  6602 | D:5      | Reached skill level 8 in Earth Magic
  6988 | D:6      | Reached XP level 9. HP: 45/45 MP: 8/18
  7398 | D:6      | Reached skill level 9 in Earth Magic
  7443 | D:6      | Reached * piety under Vehumet
  7443 | D:6      | Offered knowledge of Foxfire by Vehumet.
  7853 | D:6      | Learned a level 4 spell: Petrify
  9091 | D:8      | Reached skill level 10 in Earth Magic
  9365 | D:8      | Found an opulent altar of Gozag.
  9621 | D:8      | Reached XP level 10. HP: 50/50 MP: 10/21
  9945 | D:9      | Reached skill level 1 in Shields
 10132 | D:9      | Found a staircase to the Lair.
 10165 | D:9      | Offered knowledge of Freeze by Vehumet.
 11006 | Lair:1   | Entered Level 1 of the Lair of Beasts
 11029 | D:10     | Entered Level 10 of the Dungeon
 11029 | D:10     | Noticed a molten gargoyle
 11033 | D:10     | Noticed a molten gargoyle
 11033 | D:10     | Killed from afar by a molten gargoyle

Illustrated notes

Levels and vault maps discovered:
D:1:      dpeg_arrival_shrine, layout_basic, shapermc_ecumenical_altar_pompeii
D:2:      minmay_recursive_quarters, layout_basic, basic_altar, minivault_23,
          bh_walls_and_bars, uniq_crazy_yiuf_cottage, uniq_natasha
D:3:      layout_basic
D:4:      minmay_octagon_keep, layout_basic, minmay_shop_damaged
D:5:      layout_rooms, temple_fountains, serial_bayou_pond_b,
          minmay_door_square, kb_lookout_dungeons_type
D:6:      layout_cave_pools, fountainhead
D:7:      layout_rooms, hellmonk_bongcloud_opening
D:8:      layout_cave_pools, grunt_gozag_statues
D:9:      layout_stronghold, due_lair_maze_entry_diamond, serial_column_ruins,
          column_ruins_hut_ruined, column_ruins_open_small,
          column_ruins_open_large, column_ruins_open_medium,
          column_ruins_grid_3, column_ruins_grid_1
D:10:     layout_gridville, grunt_decor_junction, minivault_8
Temple:   mainiacjoe_temple_hex_bubbles
Lair:1:   layout_regular_city

Skill      XL: |  1  2  3  4  5  6  7  8  9 10 |
---------------+-------------------------------+-----
Conjurations   | 1 2 3 4 5 6 8 9 |  9.3
Earth Magic    | 4 5 6 7 8 10 | 10.9
Spellcasting   | 3 4 5 6 7 8 |  8.1
Shields        | 3 |  3.1
Dodging        | |  1.5
Stealth        | |  2.1
Transmutations | |  0.7

Action                   |  1- 3 |  4- 6 |  7- 9 | 10-12 || total
-------------------------+-------+-------+-------+-------++-------
Melee: Short sword       |    10 |     1 |       |       ||    11
       Quarterstaff      |       |    19 |       |       ||    19
       Demon whip        |       |    22 |    30 |     3 ||    55
 Cast: Sandblast         |    52 |    32 |    57 |     9 ||   150
       Stone Arrow       |       |    22 |   105 |    29 ||   156
  Use: Scroll            |       |    10 |     6 |       ||    16
       Potion            |       |       |     1 |       ||     1
 Stab: Sleeping          |       |     2 |       |       ||     2
Armor: Robe              |     8 |    30 |    38 |     1 ||    77
Dodge: Dodged            |    20 |    43 |    59 |     6 ||   128
Block: Buckler           |       |       |       |     2 ||     2

Table legend: (Time is in decaauts)
 A = Elapsed time spent in this place.
 B = Non-inter-level travel time spent in this place.
 C = Inter-level travel time spent in this place.
 D = Time resting spent in this place.
 E = Time spent auto-exploring this place.
 F = Levels seen in this place.
 G = Mean time per level.
                   A        B        C        D        E       F      G
               +--------+--------+--------+--------+--------+-----+--------+
         Total |  11049 |  10605 |    444 |   2376 |   7082 |  12 |  920.8 |
       Dungeon |  10803 |  10382 |    421 |   2376 |   6864 |  10 | 1080.3 |
        Temple |    243 |    220 |     23 |      0 |    218 |   1 |  243.0 |
          Lair |      1 |      1 |      0 |      0 |      0 |   1 |    1.0 |
               +--------+--------+--------+--------+--------+-----+--------+

Top non-repeatable levels by time:
     D:4: 1903 daAuts
     D:2: 1378 daAuts
     D:5: 1353 daAuts
     D:8: 1269 daAuts
     D:9: 1110 daAuts
     D:3: 1061 daAuts
     D:1: 1057 daAuts
     D:6: 890 daAuts
     D:7: 774 daAuts
  Temple: 243 daAuts
    D:10: 3 daAuts
  Lair:1: 1 daAuts
